 Dungeon Crawl Stone Soup version 0.18-a0-1202-g796ae12 (webtiles) character file.

41 M4edhros the Charlatan (level 3, -2/23 HPs)
             Began as an Octopode Artificer on Jan 31, 2016.
             Killed from afar by an orc wizard (9 damage)
             ... with a magic dart
             ... on level 3 of the Dungeon.
             The game lasted 00:01:26 (1091 turns).

M4edhros the Charlatan (Octopode Artificer)         Turns: 1091, Time: 00:01:27

Health: -2/23      AC:  1    Str: 10    XL:     3   Next: 52%
Magic:  5/5        EV: 13    Int: 15    God:
Gold:   27         SH:  0    Dex: 12    Spells: 0 memorised, 2 levels left

rFire  . . .     SeeInvis .     a - +0 short sword
rCold  . . .     Gourm    .     (no shield)
rNeg   + . .     Faith    .     (helmet restricted)
rPois  .         Spirit   .     (no amulet)
rElec  .         Dismiss  .     k - ring of positive energy
rCorr  .         Reflect  .     (no ring)
SustAt .         Harm     .     (no ring)
MR     .....                    (no ring)
Stlth  +++.......               (no ring)
                                (no ring)
                                (no ring)
                                (no ring)

@: not resistant to hostile enchantments, fairly stealthy
A: almost no armour, amphibious, 8 rings, constrict 8, camouflage 1, gelatinous
body 1
a: no special abilities


You were on level 3 of the Dungeon.
You were hungry.

You visited 1 branch of the dungeon, and saw 3 of its levels.

You collected 27 gold pieces.

Inventory:

Hand Weapons
 a - a +0 short sword (weapon)
 m - a +0 blowgun
Missiles
 j - 14 sling bullets
 n - 5 poisoned needles
Jewellery
 k - a ring of positive energy (left tentacle)
Wands
 b - a wand of flame (15/48)
 c - a wand of enslavement (14/24)
 d - a wand of random effects (15/48)
Scrolls
 e - a scroll of enchant armour {unknown}
 h - a scroll of identify {unknown}
 l - a scroll of magic mapping {unknown}
Potions
 g - a potion of resistance {unknown}
 i - a potion of haste {unknown}
Comestibles
 f - a bread ration


   Skills:
 - Level 1.0 Fighting
 - Level 1.0 Short Blades
 * Level 3.0 Dodging
 * Level 3.0 Stealth
 + Level 3.5 Evocations


You had 2 spell levels left.
You didn't know any spells.

Dungeon Overview and Level Annotations

Branches:
Dungeon (3/15)

Altars:
Gozag
Kikubaaqudgha
Yredelemnul

Annotations:
D:2 Robin


Innate Abilities, Weirdness & Mutations

You cannot wear most types of armour.
You are amphibious.
You can wear up to eight rings at the same time.
You can use your tentacles to constrict eight enemies at once.
Your skin changes colour to match your surroundings (Stealth).
Your rubbery body absorbs attacks (AC +1).


Message History

You feel sick.
You feel sick.
n - 5 poisoned needles (gained 1)
You hear the slow rusting of a distant drain.
You feel sick.
You are no longer poisoned.
An orc comes into view. It is wielding a dagger.
An orc is nearby!
Search for what [? for help]? nee An orc warrior comes into view.
It is wielding a morningstar.
An orc and an orc wizard come into view.
You are feeling hungry.
The orc shouts!
You hear a shout!
An orc priest comes into view. It is wielding a club.
The orc priest shouts!
The orc wizard points at you and mumbles some strange words.
The magic dart hits you!
The orc wizard gestures at you while chanting.
The magic dart hits you!
You die...

#.###..# #.#.##.#
#. #..# #......#
#. #..# ###.####
...######.###
#.###.......# # #.
#.###.#.# o##. #.#
#.#.# ..... #.#
#.#.########o.....
#.#
#...@....o.ooo....
#.#
###.##########.#..
#.#####.#
#.......#
#########


You could see an orc warrior and an orc wizard.

Vanquished Creatures
  2 adders
  A worm (D:2)
  A giant gecko (D:1)
  3 bats
  2 giant cockroaches (D:2)
  A goblin (D:2)
  2 hobgoblins
  2 giant newts (D:2)
  3 kobolds
  2 rats (D:2)
19 creatures vanquished.

Vanquished Creatures (collateral kills)
  A kobold (D:2)
1 creature vanquished.

Grand Total: 20 creatures vanquished

Notes
Turn   | Place    | Note
--------------------------------------------------------------
     0 | D:1      | M4edhros the Octopode Artificer began the quest for the Orb.
     0 | D:1      | Reached XP level 1. HP: 13/13 MP: 3/3
   330 | D:2      | Found a basalt altar of Yredelemnul.
   352 | D:2      | Reached XP level 2. HP: 9/18 MP: 4/4
   552 | D:2      | Found an opulent altar of Gozag.
   682 | D:2      | Reached XP level 3. HP: 17/23 MP: 5/5
   876 | D:2      | Noticed Robin
   900 | D:2      | Found an ancient bone altar of Kikubaaqudgha.
  1081 | D:3      | Noticed an orc warrior
  1091 | D:3      | Killed from afar by an orc wizard

Vault maps used:
D:1:      eino_arrival_water_star, hangedman_abyss_or_decor_stabs,
          minmay_misc_feat_iff
D:2:      wad_river_or_something, lemuel_round_altar,
          lemuel_coloured_pillars_altar, nicolae_overflow_hidden_temple,
          yredelemnul_altar_generic, hex_tiny, minmay_misc_feat_hallway,
          uniq_robin
D:3:      ecumenical_altar_2, serial_forest, infiniplex_forest_lined_2,
          infiniplex_forest_clump_tiny, infiniplex_forest_straight_2,
          infiniplex_forest_lined_3, gup_sewer_entry_pipe, minmay_crystal_room,
          uniq_terence, uniq_jessica, uniq_grinder

Action                   || total
-------------------------++-------
Melee: Short sword       ||    44
Evoke: Wand              ||     1
 Stab: Sleeping          ||     6
